 Dungeon Crawl Stone Soup version 0.28.0-53-g5a82cb258f (webtiles) character file.

Game seed: 13850595189944386712

7 MiltankisOP the Sneak (level 2, 0/15 HPs)
             Began as a Vine Stalker Brigand on June 19, 2022.
             Was a Follower of Kikubaaqudgha.
             Slain by a rat (2 damage)
             ... on level 1 of the Dungeon.
             The game lasted 00:00:40 (353 turns).

MiltankisOP the Sneak (Vine Stalker Brigand)         Turns: 353, Time: 00:00:40

Health: 0/15       AC:  3    Str: 13    XL:     2   Next: 4%
Magic:  0/3        EV: 11    Int: 11    God:    Kikubaaqudgha [*.....]
Gold:   11         SH:  0    Dex: 15    Spells: 1/1 levels left

rFire   . . .      SeeInvis .   a - +2 dagger
rCold   . . .      Faith    .   (no shield)
rNeg    . . .      Spirit   +   b - +0 robe
rPois   .          Reflect  .   (no helmet)
rElec   .          Harm     .   c - +0 cloak
rCorr   .          Rampage  .   (no gloves)
Will    .....                   (no boots)
Stlth   +++.......              (no amulet)
HPRegen 0.05/turn               (no ring)
MPRegen 0.08/turn               (no ring)

@: no status effects
A: fangs 2, magic shield, antimagic bite, no potion heal 2
a: Renounce Religion, Receive Corpses


You were on level 1 of the Dungeon.
You worshipped Kikubaaqudgha.
Kikubaaqudgha was aware of your devotion.
You visited 1 branch of the dungeon, and saw 1 of its levels.

You collected 11 gold pieces.

Inventory:

Hand Weapons
 a - a +2 dagger (weapon)
Missiles
 d - 8 poisoned darts (quivered)
 e - 2 curare-tipped darts
 h - 5 atropa-tipped darts
Armour
 b - a +0 robe (worn)
 c - a +0 cloak (worn)
Scrolls
 f - 2 scrolls of identify {unknown}
Potions
 g - a potion of mutation {unknown}


   Skills:
 - Level 1.7 Fighting
 + Level 2.4 Short Blades
 - Level 1.7 Throwing
 - Level 0.7 Dodging
 - Level 4.8 Stealth


You had one spell level left.
You didn't know any spells.
Your spell library contained the following spells:

 Spells                   Type           Power      Damage    Failure   Level
 Animate Skeleton         Necr           0%         N/A       34%         1
 Corpse Rot               Necr/Air       0%         N/A       47%         2
 Sublimation of Blood     Necr           0%         N/A       47%         2
 Vampiric Draining        Necr           0%         2d6       71%         3


Dungeon Overview and Level Annotations

Branches:
Dungeon (1/15)

Altars:
Kikubaaqudgha


Innate Abilities, Weirdness & Mutations

You have extremely sharp teeth.
When hurt, damage is shared between your health and your magic reserves.
Your bite disrupts and absorbs the magic of your enemies.
Potions cannot restore your health.


Message History

* * * LOW HITPOINT WARNING * * *
The rat bites you but does no damage. The rat closely misses you.
The rat misses you. The rat bites you.
* * * LOW HITPOINT WARNING * * *
The rat bites you.
* * * LOW HITPOINT WARNING * * *
The rat bites you.
* * * LOW HITPOINT WARNING * * *
The rat bites you but does no damage. The rat barely misses you.
The rat barely misses you. The rat barely misses you.
The rat bites you but does no damage. The rat bites you but does no damage.
The rat bites you but does no damage. The rat closely misses you.
The rat barely misses you. The rat bites you but does no damage.
The rat bites you but does no damage. The rat barely misses you.
The rat barely misses you. The rat bites you.
* * * LOW HITPOINT WARNING * * *
The rat closely misses you. The rat bites you but does no damage.
The rat completely misses you. The rat bites you but does no damage.
The rat barely misses you. The rat bites you.
The rat bites you but does no damage. The rat bites you.
The rat bites you but does no damage. The rat bites you but does no damage.
The rat bites you but does no damage. The rat bites you but does no damage.
The rat bites you.
You die...
Kikubaaqudgha rasps: "You have failed me!
Welcome... death!"

##.......## .....# ##
##8...8## )...... .#
##'''###### .....##.####
#.....^... #....#....#
#.##.....#
#....#....#.#.##.###.#
#....#......#.##.###.# #
#....#r...#.#.##.#...#
#.##....@....#.#.##.....#
#.#§....#....#.#.####.#.#
#...._.§#.#....#.####...#
###...§.#.#....#........# #
#.#§#.#####.#####.....# #.
#.#...#.........#.#.#.#
..#.###.#####.###.......#.#.#
.............................
...................#....#...#


You could see a rat.

Vanquished Creatures
  A giant cockroach (D:1)
  A hobgoblin (D:1)
  3 ball pythons (D:1)
  A frilled lizard (D:1)
  A kobold (D:1)
7 creatures vanquished.

Notes
Turn   | Place    | Note
-------+----------+-------------------------------------------
     0 | D:1      | MiltankisOP the Vine Stalker Brigand began the quest for
                  | the Orb.
     0 | D:1      | Reached XP level 1. HP: 11/11 MP: 2/2
   285 | D:1      | Reached XP level 2. HP: 15/15 MP: 3/3
   291 | D:1      | Found a faded altar of an unknown god.
   295 | D:1      | Prayed at the altar of an unknown god.
   295 | D:1      | Became a worshipper of Kikubaaqudgha
   295 | D:1      | Reached * piety under Kikubaaqudgha
   295 | D:1      | Received a gift from Kikubaaqudgha
   353 | D:1      | Slain by a rat

Illustrated notes

Levels and vault maps discovered:
D:1:      kennysheep_arrival_forest, layout_basic, ebering_ecumenical_altar_mist

Skill      XL: |  1 |
---------------+----+-----
Short Blades   | 2 |  2.4
Fighting       | |  1.7
Throwing       | |  1.7
Dodging        | |  0.7
Stealth        | |  4.8

Action                   || total
-------------------------++-------
Melee: Dagger            ||    11
       Bite              ||     4
 Stab: Sleeping          ||     2
Armor: Robe              ||    21
Dodge: Dodged            ||    24
